 Dungeon Crawl Stone Soup version 0.23.1-37-gaa34b87 (webtiles) character file.

Game seed: 16025110680043176722

128 pjoxt the Cudgeler (level 5, -2/34 HPs)
             Began as a Gargoyle Monk on Mar 24, 2019.
             Slain by an orc warrior
             ... wielding a +0 war axe
              (6 damage)
             ... on level 4 of the Dungeon.
             The game lasted 00:05:24 (2619 turns).

pjoxt the Cudgeler (Gargoyle Monk)                  Turns: 2619, Time: 00:05:25

Health: -2/34      AC:  9    Str: 16    XL:     5   Next: 12%
Magic:  5/5        EV: 11    Int: 10    God:
Gold:   128        SH:  0    Dex: 12    Spells: 4/4 levels left

rFire    . . .     SeeInvis .   a - +0 mace
rCold    . . .     Gourm    .   (no shield)
rNeg     + . .     Faith    .   h - +0 ring mail
rPois    ∞         Spirit   .   (no helmet)
rElec    +         Reflect  .   (no cloak)
rCorr    .         Harm     .   (no gloves)
MR       .....                  (no boots)
Stlth    +.........             (no amulet)
HPRegen  0.11/turn              (no ring)
MPRegen  0.09/turn              (no ring)

@: no status effects
A: negative energy resistance 1, electricity resistance, unbreathing,
petrification resistance, rot immunity, AC +4
a: no special abilities


You were on level 4 of the Dungeon.
You were hungry.

You visited 1 branch of the dungeon, and saw 5 of its levels.

You collected 128 gold pieces.

Inventory:

Hand Weapons
 a - a +0 mace (weapon)
 b - a +0 whip
Armour
 h - a +0 ring mail (worn)
Scrolls
 e - 2 scrolls of remove curse
 f - a scroll of fear {unknown}
 i - 2 scrolls of identify {unknown}
 l - a scroll of magic mapping {unknown}
Potions
 d - a potion of curing {unknown}
 g - 2 potions of heal wounds {unknown}
 k - 3 potions of brilliance {unknown}
 m - 2 potions of flight {unknown}
Comestibles
 c - 3 rations


   Skills:
 + Level 4.3 Fighting
 * Level 4.8 Maces & Flails
 + Level 1.0 Armour
 - Level 2.4 Dodging
 - Level 2.1 Stealth


You had 4 spell levels left.
You didn't know any spells.
Your spell library was empty.

Dungeon Overview and Level Annotations

Branches:
Dungeon (5/15)
 Temple: D:4-7

Altars:
Trog
Xom

Annotations:
D:4 Menkaure


Innate Abilities, Weirdness & Mutations

You are resistant to torment.
Your stone body is resilient. (AC +4)
You are immune to poison.
You resist negative energy. (rN+)
You are resistant to electric shocks. (rElec)
You can survive without breathing.
You are immune to petrification.
You are immune to rotting.


Message History

There is a stone staircase leading down here.
You climb downwards.
You hear the sound of rushing water.
There is an entrance to a sewer on this level.
Hurry and find it before the portal rusts away!
You hear the rusting of a very distant drain.
The orc warrior hits you but does no damage.
There is a stone staircase leading up here.
You hit the orc priest.
The orc priest is moderately wounded.
The orc warrior hits you with a +0 war axe!
The orc priest mumbles some strange prayers to Beogh against you.
Pain shoots through your body!
The orc warrior hits you with a +0 war axe!
* * * LOW HITPOINT WARNING * * *
The orc priest barely misses you. The quokka skeleton closely misses you.
You climb upwards.
Level annotation: Menkaure
There is a stone staircase leading down here.
The orc warrior hits you with a +0 war axe.
You die...

############
...........#
.....
.......@...#
...%
.......o>o.#
...
........<[.#
..#
..##.......#
..# .
###+#####
..## ...#
...# ..##


You could see an orc warrior and an orc priest.

Vanquished Creatures
  A crimson imp (D:3)
  2 adders
  3 oozes (D:2)
  A worm (D:2)
  4 dart slugs
  2 leopard geckos (D:2)
  2 orcs
  7 bats
  3 giant cockroaches
  2 goblins
  4 hobgoblins
  A quokka (D:5)
  3 frilled lizards
  8 kobolds
  A quokka zombie (D:5)
  10 rats
54 creatures vanquished.

Notes
Turn   | Place    | Note
-------+----------+-------------------------------------------
     0 | D:1      | pjoxt the Gargoyle Monk began the quest for the Orb.
     0 | D:1      | Reached XP level 1. HP: 14/14 MP: 1/1
   241 | D:1      | Reached XP level 2. HP: 18/19 MP: 2/2
   779 | D:1      | Reached XP level 3. HP: 24/24 MP: 3/3
  1293 | D:2      | Reached XP level 4. HP: 22/29 MP: 4/4
  2112 | D:3      | Found a shimmering altar of Xom.
  2113 | D:3      | Found a bloodstained altar of Trog.
  2288 | D:4      | Noticed Menkaure
  2301 | D:5      | Entered Level 5 of the Dungeon
  2316 | D:5      | Reached XP level 5. HP: 25/34 MP: 5/5
  2396 | D:5      | Noticed an orc warrior
  2399 | D:5      | Reached skill level 1 in Armour
  2619 | D:4      | Slain by an orc warrior

Skill      XL: |  1  2  3  4  5 |
---------------+----------------+-----
Maces & Flails | 4 |  4.8
Fighting       | 4 |  4.3
Armour         | 1 |  1.0
Dodging        | |  2.4
Stealth        | |  2.1

Action                   |  1- 3 |  4- 6 || total
-------------------------+-------+-------++-------
Melee: Mace              |   108 |    78 ||   186
       Whip              |    25 |    54 ||    79
  Use: Scroll            |       |     1 ||     1
  Eat: Chunk             |     1 |     4 ||     5
Armor: Robe              |    19 |       ||    19
       Leather armour    |    29 |     9 ||    38
       Ring mail         |       |    39 ||    39
Dodge: Dodged            |    92 |    86 ||   178
